AoeStats
← UGodALouSass

Black Forest

504142369Analyzed
2v2 RM · 28d ago on Sep 4, 2026· 45m 44s· 4 players
Game mode
Random Map
Map size
Medium (4 player)
Population
200
Speed
Normal
Resources
Standard
Victory
Conquest
Starting age
Dark Age
Ending age
Imperial Age
RankedLock teamsTeams togetherTeam positionsShared explorationLock speedFull tech treeHidden civsTurbo modeCheats
Victory
Defeat
🇲🇽 Cumans · Mexico
898
+17
🇲🇽 Khmer · Mexico
896
+17
🇺🇸 Bulgarians · United States
1061
-23
🇺🇸 Khmer · United States
786
-11
Gandus
11:45 Feudal Age
12:13 Double-Bit Axe
13:09 Man-at-Arms
14:02 Forging
18:04 Horse Collar
19:42 Scale Mail Armor
22:16 Wheelbarrow
25:35 Castle Age
24:11 Stone Mining
26:17 Heavy Plow
26:33 Bow Saw
28:02 Iron Casting
27:33 Fletching
28:55 Bodkin Arrow
30:05 Padded Archer Armor
31:17 Hand Cart
30:59 Gold Mining
31:53 Ballistics
36:16 Imperial Age
37:14 Bloodlines
38:43 Iron Casting
38:13 Scale Barding Armor
38:24 Leather Archer Armor
38:24 Elite Kipchak
41:55 Blast Furnace
41:17 Chain Barding Armor
42:05 Onager
45:21 Plate Barding Armor
45:18 Ring Archer Armor
44:23 Elite Steppe Lancer
BETMAN
1:13 Loom
23:57 Feudal Age
41:38 Double-Bit Axe
Reaper20131
3:41 Loom
18:23 Feudal Age
20:32 Arson
31:15 Castle Age
30:22 Scale Barding Armor
30:29 Forging
30:20 Scale Mail Armor
31:42 Gold Mining
33:40 Gold Shaft Mining
32:52 Double-Bit Axe
37:58 Imperial Age
36:02 Chain Barding Armor
36:18 Iron Casting
35:48 Husbandry
35:59 Bloodlines
39:44 Stone Mining
40:07 Bow Saw
39:42 Horse Collar
UGodALouSass
6:27 Loom
14:15 Feudal Age
18:03 Man-at-Arms
28:58 Castle Age
28:07 Stone Mining
28:08 Gold Mining
30:22 Double-Bit Axe
31:34 Horse Collar
37:44 Wheelbarrow
37:18 Heavy Plow
37:35 Bow Saw
43:43 Imperial Age
Connection lost

Rejoining the realm…

Still unreachable

The connection could not be restored.

Session expired

The server has moved on; the page needs a fresh start.